 Dungeon Crawl Stone Soup version 0.30.0-3-ga4e48a9924 (webtiles) character file.

Game seed: 10939844155806987037

882 hawla the Conjurer (level 8, 0/58 HPs)
             Began as a Meteoran Fire Elementalist on May 7, 2023.
             Was a Follower of Vehumet.
             Slain by a yak (8 damage)
             ... on level 8 of the Dungeon.
             The game lasted 00:07:50 (1326 turns).

hawla the Conjurer (Meteoran Fire Elementalist)     Turns: 1326, Time: 00:07:51

Health: 0/58       AC:  2    Str:  9    XL:     8   Next: 50%
Magic:  6/15       EV: 13    Int: 18    God:    Vehumet [*.....]
Gold:   182        SH:  0    Dex: 16    Spells: 3/15 levels left

rFire   . . .        (no weapon)
rCold   . . .        (no shield)
rNeg    + . .        a - +0 robe
rPois   .            (no helmet)
rElec   .            (no cloak)
rCorr   .            (no gloves)
SInv    .            (no boots)
Will    +....        j - amulet of magic regeneration
Stlth   +            c - ring of positive energy
HPRegen 0.29/turn    (no ring)
MPRegen 0.54/turn

%: no passive effects
@: glowing
A: sense surroundings 1, otherworldly, glowing, explore regen
a: Renounce Religion


You were on level 8 of the Dungeon.
You worshipped Vehumet.
Vehumet was aware of your devotion.
You visited 2 branches of the dungeon, and saw 9 of its levels.

You collected 182 gold pieces.

Inventory:

Armour
 a - a +0 robe (worn)
Jewellery
 c - a ring of positive energy (left hand)
 j - an amulet of magic regeneration (around neck)
Potions
 b - a potion of magic
 d - 3 potions of curing
 e - 2 potions of brilliance
 g - 2 potions of ambrosia {unknown}
 i - a potion of attraction
 k - a potion of invisibility {unknown}
 l - a potion of cancellation {unknown}
 m - 2 potions of berserk rage {unknown}
 n - 2 potions of heal wounds {unknown}


   Skills:
 + Level 0.5 Fighting
 + Level 2.9 Dodging
 - Level 1.4 Stealth
 + Level 4.4 Spellcasting
 + Level 5.0 Conjurations
 + Level 5.0 Fire Magic
 + Level 4.9 Ice Magic
 + Level 4.9 Air Magic


You had 3 spell levels left.
You knew the following spells:

 Your Spells              Type           Power      Damage    Failure   Level
a - Foxfire               Conj/Fire      88%        2x1d8     1%          1
b - Scorch                Fire           44%        2d7       2%          2
c - Flame Wave            Conj/Fire      22%        2d8       19%         4
d - Freezing Cloud        Conj/Ice/Air   10%        6-21      45%         5

Your spell library contained the following spells:

 Spells                   Type           Power      Damage    Failure   Level
 Kiss of Death            Conj/Necr      52%        2d9       4%          1
 Poisonous Vapours        Pois/Air       24%        N/A       8%          2
 Mephitic Cloud           Conj/Pois/Air  15%        N/A       11%         3
 Inner Flame              Hex/Fire       13%        N/A       16%         3
 Volatile Blastmotes      Fire/Tloc      26%        2d12      16%         3


Dungeon Overview and Level Annotations

Branches:
Dungeon (8/15) Zot: 3684   Temple (1/1) D:4 Zot: 385
   Lair: D:8-11

Altars:
Ashenzari
Cheibriados
Dithmenos
Elyvilon
Fedhas
Hepliaklqana
Kikubaaqudgha
Makhleb
Nemelex Xobeh
Qazlal
Sif Muna
Trog
Uskayaw
Vehumet
Wu Jian
Xom
Zin
The Shining One


Innate Abilities, Weirdness & Mutations

You passively map a small area around you.
You are easily found by Zot.
You glow in the dark.
You regain HP and MP as you explore.


Message History

A yak is nearby!
Casting: Flame Wave (quite dangerous; 19% risk of failure)
Confirm with . or Enter, or press ? or * to list all spells.
You conjure some foxfire!
The foxfire hits the yak.
The yak is lightly wounded.
Casting: Foxfire (safe; 1% risk of failure)
Confirm with . or Enter, or press ? or * to list all spells.
The spell is quite dangerous to miscast (19% risk of failure)!
Continue anyway?
Casting: Flame Wave (quite dangerous; 19% risk of failure)
Press: ? - help, Dir - look around, f - activate A wave of flame ripples out!
The flame wave engulfs your foxfire.
Your foxfire completely resists.
The flame wave engulfs the yak!
The yak is heavily wounded. (Press . to intensify the flame waves.)
You hear a bellow!
The foxfire hits the yak.
The yak is heavily wounded.
A wave of flame ripples out!
The flame wave engulfs the yak.
The yak is severely wounded.
The flame wave engulfs the yak.
The yak is heavily wounded.
The yak gores you!
* * * LOW HITPOINT WARNING * * *
Unknown command.
A wave of flame ripples out!
The flame wave engulfs the yak.
The yak is severely wounded.
The flame wave engulfs the yak.
The yak is severely wounded.
The flame wave engulfs the yak.
The yak is lightly wounded.
You finish channelling waves of flame.
The yak gores you.
* * * LOW HITPOINT WARNING * * *
The yak gores you.
* * * LOW HITPOINT WARNING * * *
Unknown command.
As you read the scroll of identify, it crumbles to dust.
d - 3 potions of curing The yak misses you.
The yak gores you!
You die...

#...#...#...#...#.).# .*
#####...#...#####.Y.#,
#...#...#...#...#...# ,.# *
.....#.###.#.....#.###.# .. ,
#...###.,.###...###...###. ##,
.###.#.....#.###Y#.....#.## .##
..#...#...#...#.Y.#...#...# ..#
..#...#####...#.YY#####...# ..#
..#...#...#...#.@.#...#...# ..#
.###.#.....#.###.#.....#.###.###
#...###...###...###)))###...##.#
.....#.###.#.....#.###.#....)#.#
#...#...#...#...#...#ยง..#...#).#
#####...#...#####...#...#####..##
* #...#...#,..#...#...#...#...#
,, .#.###.#.,...#.###.#.....#...
* .###. .###. .###. .###...##..#


You could see 4 yaks.

Vanquished Creatures
  Eustachio (D:4)
  A steam dragon (D:8)
  A water moccasin (D:8)
  A kobold brigand (D:8)
  A bullfrog (D:6)
  A hound (D:7)
  5 orc priests
  4 orc wizards
  An iguana (D:6)
  An adder (D:3)
  A white imp (D:7)
  A worm (D:5)
  A dart slug (D:2)
  19 orcs
  5 endoplasms
  A goblin (D:1)
  2 hobgoblins
  2 jackals (D:1)
  4 kobolds
  2 quokkas
  4 ball pythons
  7 bats
  2 rats (D:1)
68 creatures vanquished.

Vanquished Creatures (others)
  115 foxfires
  7 fungi (D:5)
122 creatures vanquished.

Grand Total: 190 creatures vanquished

Notes
Turn   | Place    | Note
-------+----------+-------------------------------------------
     0 | D:1      | hawla the Meteoran Fire Elementalist began the quest for
                  | the Orb.
     0 | D:1      | Reached XP level 1. HP: 14/14 MP: 5/5
    53 | D:1      | Reached XP level 2. HP: 20/20 MP: 0/6
    56 | D:1      | Learned a level 2 spell: Scorch
   164 | D:1      | Reached XP level 3. HP: 26/26 MP: 4/8
   206 | D:1      | Found a faded altar of an unknown god.
   373 | D:3      | Reached XP level 4. HP: 33/33 MP: 6/10
   386 | D:3      | Learned a level 4 spell: Flame Wave
   411 | D:3      | Reached XP level 5. HP: 23/38 MP: 2/11
   554 | D:3      | Found an ancient bone altar of Kikubaaqudgha.
   590 | D:4      | Noticed Eustachio
   611 | D:4      | Killed Eustachio
   612 | D:4      | Reached XP level 6. HP: 46/46 MP: 3/13
   625 | D:4      | Learned a level 5 spell: Freezing Cloud
   699 | D:4      | Found a staircase to the Ecumenical Temple.
   705 | Temple   | Entered the Ecumenical Temple
   843 | Temple   | Became a worshipper of Vehumet
   943 | D:5      | Entered Level 5 of the Dungeon
   967 | D:5      | Reached skill level 1 in Air Magic
   990 | D:5      | Reached skill level 1 in Ice Magic
  1028 | D:5      | Reached XP level 7. HP: 34/51 MP: 7/14
  1151 | D:8      | Noticed a water moccasin
  1157 | D:8      | Killed a water moccasin
  1158 | D:8      | Reached XP level 8. HP: 30/58 MP: 8/15
  1203 | D:8      | Reached * piety under Vehumet
  1203 | D:8      | Offered knowledge of Kiss of Death by Vehumet.
  1238 | D:8      | Noticed a steam dragon
  1241 | D:8      | Killed a steam dragon
  1303 | D:8      | Reached skill level 5 in Conjurations
  1303 | D:8      | Reached skill level 5 in Fire Magic
  1305 | D:8      | Noticed a yak
  1305 | D:8      | Noticed a yak
  1306 | D:8      | Noticed a yak
  1307 | D:8      | Noticed a yak
  1308 | D:8      | Noticed a yak
  1310 | D:8      | Noticed a yak
  1326 | D:8      | Slain by a yak

Illustrated notes

Levels and vault maps discovered:
D:1:      moated_graveyard_arrival, layout_basic,
          hellmonk_ecumenical_altar_pennies_from_heaven,
          nicolae_nh_oracle_at_delphi
D:2:      layout_loops_corners
D:3:      layout_loops_corners, nicolae_kikubaaqudgha_miasma_corner
D:4:      layout_loops_corners, minmay_temple_entry_grid, minmay_shop_damaged,
          uniq_ijyb, uniq_eustachio
D:5:      gammafunk_cloud_chamber, layout_basic, minitemple, serial_aquarium,
          aquarium_bridge_square [aquarium_subvault_wall,
          aquarium_subvault_bridge, aquarium_subvault_bridge,
          aquarium_subvault_wall], aquarium_bridge_square
          [aquarium_subvault_window, aquarium_subvault_wall,
          aquarium_subvault_bridge, aquarium_subvault_window],
          aquarium_window_corner, aquarium_window_double,
          aquarium_window_corridor_2, aquarium_window_fake, aquarium_view_2f,
          aquarium_view_2d, aquarium_balcony_3b
D:6:      layout_cave_pods, chequers_serial_rivers_large_a
D:7:      kb_forest_paths, layout_loops_ring, grunt_ministairs_2, uniq_duvessa,
          uniq_maggie, uniq_joseph
D:8:      nicolae_cairo_tiling, layout_loops_ring, serial_shops, shop
Temple:   minmay_crystal_spiral_temple

Skill      XL: |  1  2  3  4  5  6  7  8 |
---------------+-------------------------+-----
Fire Magic     | 4 5 |  5.0
Spellcasting   | 3 4 |  4.4
Conjurations   | 3 4 5 |  5.0
Air Magic      | 1 4 |  4.9
Ice Magic      | 1 3 4 |  4.9
Fighting       | |  0.5
Dodging        | |  2.9
Stealth        | |  1.4

Action                     |  1- 3 |  4- 6 |  7- 9 || total
---------------------------+-------+-------+-------++-------
  Melee: Unarmed           |     7 |     6 |     3 ||    16
   Cast: Foxfire           |    32 |    19 |    24 ||    75
         Scorch            |     3 |     6 |    20 ||    29
         Flame Wave        |       |     4 |     4 ||     8
    Use: Scroll            |       |     6 |     3 ||     9
 Armour: Robe              |    11 |     2 |     2 ||    15
  Dodge: Dodged            |    17 |     4 |     8 ||    29
